 Seeded DCSS version 0.27-a0-1154-gfdeffcb720 (webtiles) character file.

Game seed: 2605965801648031611 (custom seed)

12 donath the Insei (level 2, -2/23 HPs)
             Began as a Gnoll Transmuter on May 14, 2021.
             Frozen to death by an endoplasm (5 damage)
             ... on level 1 of the Dungeon.
             The game lasted 00:01:13 (501 turns).

donath the Insei (Gnoll Transmuter)                  Turns: 501, Time: 00:01:14

Health: -2/23      AC:  2    Str:  9    XL:     2   Next: 33%
Magic:  6/7        EV: 13    Int: 12    God:
Gold:   25         SH:  0    Dex: 12    Spells: 7/10 levels left

rFire    . . .     SeeInvis .   d - +0 spear
rCold    . . .     Faith    .   (no shield)
rNeg     . . .     Spirit   .   a - +0 robe
rPois    .         Reflect  .   (no helmet)
rElec    .         Harm     .   (no cloak)
rCorr    .         Rampage  .   (no gloves)
Will     .....                  (no boots)
Stlth    +.........             (no amulet)
HPRegen  0.07/turn              (no ring)
MPRegen  0.10/turn              (no ring)

@: wereblooded
A: fangs 1, strong nose, distributed training
a: no special abilities


You were on level 1 of the Dungeon.
You visited 1 branch of the dungeon, and saw 1 of its levels.

You collected 25 gold pieces.

Inventory:

Hand Weapons
 d - a +0 spear (weapon)
Armour
 a - a +0 robe (worn)
 c - a +0 ring mail
Scrolls
 b - a scroll of noise {unknown}


   Skills:
 + Level 2.4 Fighting
 + Level 0.3 Short Blades
 + Level 0.3 Long Blades
 + Level 0.3 Axes
 + Level 0.3 Maces & Flails
 + Level 0.3 Polearms
 + Level 0.3 Staves
 + Level 0.3 Slings
 + Level 0.3 Bows
 + Level 0.3 Crossbows
 + Level 0.3 Throwing
 + Level 0.3 Armour
 + Level 4.4 Dodging
 + Level 0.3 Stealth
 + Level 0.3 Shields
 + Level 6.4 Unarmed Combat
 + Level 4.9 Spellcasting
 + Level 0.2 Conjurations
 + Level 0.2 Hexes
 + Level 0.2 Summonings
 + Level 0.2 Necromancy
 + Level 0.2 Translocations
 + Level 3.7 Transmutations
 + Level 0.2 Fire Magic
 + Level 0.2 Ice Magic
 + Level 0.2 Air Magic
 + Level 0.2 Earth Magic
 + Level 0.2 Poison Magic
 + Level 0.4 Invocations
 + Level 0.3 Evocations


You had 7 spell levels left.
You knew the following spells:

 Your Spells              Type           Power      Damage    Failure   Level
a - Beastly Appendage     Tmut           22%        N/A       4%          1
b - Wereblood             Tmut           11%        N/A       7%          2

Your spell library contained the following spells:

 Spells                   Type           Power      Damage    Failure   Level
 Spider Form              Tmut/Pois      3%         N/A       26%         3
 Ice Form                 Ice/Tmut       7%         N/A       65%         4
 Hydra Form               Tmut           5%         N/A       77%         5


Dungeon Overview and Level Annotations

Branches:
Dungeon (1/15)

Altars:


Innate Abilities, Weirdness & Mutations

You have very sharp teeth.
Your uncanny sense of smell can sniff out nearby items.
Your experience applies equally to all skills.


Message History

The quokka is moderately wounded.
The bat barely misses you. The quokka misses you.
You hit the quokka but do no damage. Your bite misses the quokka.
The quokka is moderately wounded.
The bat hits you but does no damage. The quokka misses you.
You barely miss the quokka. You punch the quokka.
The quokka is heavily wounded.
The quokka bites you. The bat hits you but does no damage.
The bat closely misses you. The quokka closely misses you.
You closely miss the quokka.
The quokka is heavily wounded.
You howl as the wereblood boils in your veins!
The bat hits you. The quokka closely misses you.
You barely miss the quokka.
The quokka is heavily wounded.
The bat closely misses you. The quokka completely misses you.
You barely miss the quokka.
The quokka is heavily wounded.
The bat closely misses you. The quokka completely misses you.
The quokka misses you.
You miss the quokka.
The quokka is heavily wounded.
You howl as the wereblood boils in your veins!
The bat hits you but does no damage. The quokka bites you.
You hit the quokka.
The quokka is severely wounded.
The bat hits you. The quokka bites you.
* * * LOW HITPOINT WARNING * * *
You howl as the wereblood boils in your veins!
The bat misses you. The bat hits you.
* * * LOW HITPOINT WARNING * * *
The bat hits you.
* * * LOW HITPOINT WARNING * * *
The quokka closely misses you. The bat hits you but does no damage.
The bat barely misses you. The endoplasm freezes you.
You are frozen.
You die...

##. .... ∆ $.# ... .. ..#
####.#### .##.##.#####..#
##.......##
..............###.........#
..#.##)####..##...........
#.......J.....#............
#.#####..Jr..##............
####@b#≈#......(.....
#..#≈§≈......<.....
##..#≈#............
#....##............
#.##..#............
#.##..##...........
#.....###.........# #.#...#
##....(..##
#.##..#######.#####


You could see 2 endoplasms, a quokka and a bat.

Vanquished Creatures
  A giant cockroach (D:1)
  A hobgoblin (D:1)
  2 jackals (D:1)
  3 kobolds (D:1)
  A ball python (D:1)
  A bat (D:1)
  2 frilled lizards (D:1)
  A rat (D:1)
12 creatures vanquished.

Notes
Turn   | Place    | Note
-------+----------+-------------------------------------------
     0 | D:1      | donath the Gnoll Transmuter began the quest for the Orb.
     0 | D:1      | Reached XP level 1. HP: 17/17 MP: 6/6
   214 | D:1      | Reached XP level 2. HP: 15/23 MP: 7/7
   222 | D:1      | Learned a level 2 spell: Wereblood
   501 | D:1      | Frozen to death by an endoplasm

Illustrated notes

Levels and vault maps discovered:
D:1:      psy_arrival_dodecagon, layout_loops_ring, minmay_tall_x

Action                   || total
-------------------------++-------
Melee: Short sword       ||    17
       Unarmed           ||    12
       Kick              ||     3
       Bite              ||     1
       Spear             ||    22
       Headbutt          ||     1
       Punch             ||     1
 Cast: Beastly Appendage ||     4
       Wereblood         ||     1
 Stab: Sleeping          ||     1
Armor: Robe              ||    15
Dodge: Dodged            ||    66

Table legend: (Time is in decaauts)
 A = Elapsed time spent in this place.
 B = Non-inter-level travel time spent in this place.
 C = Inter-level travel time spent in this place.
 D = Time resting spent in this place.
 E = Time spent auto-exploring this place.
 F = Levels seen in this place.
 G = Mean time per level.
                   A        B        C        D        E       F      G
               +--------+--------+--------+--------+--------+-----+--------+
         Total |    501 |    501 |      0 |      0 |    353 |   1 |  501.0 |
       Dungeon |    501 |    501 |      0 |      0 |    353 |   1 |  501.0 |
               +--------+--------+--------+--------+--------+-----+--------+

Top non-repeatable levels by time:
     D:1: 501 daAuts
